 Dungeon Crawl Stone Soup version 0.30-a0-1066-g63dfefce0d (webtiles) character file.

Game seed: 4792059161703397815

201 promet the Magician (level 5, -2/28 HPs)
             Began as a Deep Elf Hedge Wizard on Apr 10, 2023.
             Was an Initiate of Vehumet.
             Slain by a scorpion (4 damage)
             ... on level 4 of the Dungeon on Apr 12, 2023.
             The game lasted 00:30:34 (6025 turns).

promet the Magician (Deep Elf Hedge Wizard)         Turns: 6025, Time: 00:30:34

Health: -2/28      AC:  3    Str: 12    XL:     5   Next: 50%
Magic:  12/15      EV: 12    Int: 21    God:    Vehumet [......]
Gold:   181        SH:  0    Dex: 11    Spells: 10/16 levels left

rFire   + . .      SeeInvis .    a - +2 trident of the Hummingbird {vamp, rCorr Str+5 Dex-3}
rCold   + . .      Faith    .    (no shield)
rNeg    . . .      Spirit   .    j - +0 robe
rPois   +          Reflect  .    s - +0 helmet
rElec   +          Rampage  .    (no cloak)
rCorr   +                        (no gloves)
Will    .....                    (no boots)
Stlth   ++                       (no amulet)
HPRegen 0.24/turn                (no ring)
MPRegen 0.14/turn                (no ring)

@: lethally poisoned (-2 -> -9), resistant
A: no striking features
a: Renounce Religion


You were on level 4 of the Dungeon.
You worshipped Vehumet.
Vehumet was noncommittal.
You visited 2 branches of the dungeon, and saw 5 of its levels.

You collected 181 gold pieces.

Inventory:

Hand Weapons
 a - the +2 trident of the Hummingbird (weapon) {vamp, rCorr Str+5 Dex-3}
   (You found it on level 3 of the Dungeon)

   Str:       It affects your strength (+5).
   Dex:       It affects your dexterity (-3).
   rCorr:     It protects you from acid and corrosion.
 b - a +0 sling
 g - a +0 spear
 u - a +0 dagger
Missiles
 e - 35 stones
 t - 14 poisoned darts (quivered)
Armour
 c - a +0 hat
 j - a +0 robe (worn)
 s - a +0 helmet (worn)
Jewellery
 n - a ring of positive energy
 q - an amulet of faith
Wands
 m - a wand of mindburst (9)
Scrolls
 l - 3 scrolls of fog {unknown}
 p - a scroll of acquirement {unknown}
 v - 2 scrolls of identify
 w - a scroll of magic mapping {unknown}
Potions
 d - a potion of magic
 f - a potion of berserk rage
 h - a potion of might
 o - a potion of experience {unknown}
 r - a potion of mutation {unknown}


   Skills:
 + Level 0.5 Fighting
 + Level 0.3 Short Blades
 * Level 0.4 Polearms
 + Level 0.7 Ranged Weapons
 + Level 2.8 Dodging
 + Level 3.2 Stealth
 + Level 6.4 Spellcasting
 + Level 2.3 Conjurations
 + Level 1.3 Hexes
 + Level 2.1 Summonings
 + Level 1.2 Translocations


You had 10 spell levels left.
You knew the following spells:

 Your Spells              Type           Power      Damage    Failure   Level
a - Magic Dart            Conj           64%        1d6       3%          1
b - Blink                 Tloc           24%        N/A       9%          2
c - Call Imp              Summ           30%        N/A       6%          2
d - Slow                  Hex            48%        N/A       5%          1

Your spell library contained the following spells:

 Spells                   Type           Power      Damage    Failure   Level
 Kiss of Death            Conj/Necr      44%        2d8       6%          1
 Cigotuvi's Dreadful Rot  Necr/Pois/Air  12%        N/A       14%         2
 Confusing Touch          Hex            12%        N/A       16%         3
 Mephitic Cloud           Conj/Pois/Air  10%        N/A       21%         3
 Dispel Undead            Necr           6%         3d8       67%         4


Dungeon Overview and Level Annotations

Branches:
Dungeon (4/15)             Temple (1/1) D:4

Altars:
Ashenzari
Dithmenos
Elyvilon
Gozag
Kikubaaqudgha
Makhleb
Okawaru
Sif Muna
Trog
Uskayaw
Vehumet
Wu Jian
Xom
Yredelemnul

Shops:
D:2 *   D:4 :


Message History

A tiny devil pulls itself out of the air.
You feel stronger.
You feel clumsy.
You feel a sense of dread.
a - the +2 trident of the Hummingbird (weapon)
{vamp, rCorr Str+5 Dex-3} Your cerulean imp hits the scorpion but does no damage.
Your cerulean imp hits the scorpion but does no damage.
You reach to attack!
You barely miss the scorpion. You barely miss the scorpion.
The scorpion stings you.
You are poisoned.
The scorpion poisons you!
Your cerulean imp hits the scorpion but does no damage.
The scorpion barely misses you.
You hit the scorpion.
You feel better.
The scorpion is lightly wounded.
You feel very sick. The scorpion stings you.
You are lethally poisoned!
The scorpion poisons you!
Your cerulean imp hits the scorpion from afar with a -3 spear.
Okay, then.
Casting: Call Imp (safe; 6% risk of failure)
Confirm with . or Enter, or press ? or * to list all spells.
You blink.
You feel very sick.
* * * LOW HITPOINT WARNING * * *
You feel very sick.
Your cerulean imp hits the scorpion from afar with a -3 spear.
* * * LOW HITPOINT WARNING * * *
You feel very sick.
It was a potion of cancellation.
You feel magically purged.
You feel stable enough to blink again.
* * * LOW HITPOINT WARNING * * *
You feel sick.
Unknown command.
It was a potion of resistance.
You feel protected.
* * * LOW HITPOINT WARNING * * *
You feel sick. The scorpion stings you.
You die...

##......# ##...... ........#
##....... ##.†....# #####.......#
###..####### ##...........#
#........########..###........
####.................####......##
..##.#####.##..#####.............
..##.# #.##......5.####...∩.∩.#
..##.## #......@s.######.......#
..##>.#####.................∩.∩..
...)........#...###....##........
>.###.#..###....######.####..###.
..# #.##............#..####..# #.
..# #.# ##...............#...###.
..# #.# ..h........####...#..##.
### #.# .#.......<.##..(........
#.. ....##...#####>.........#


You could see a scorpion (ally target), a hound (wandering) and a friendly
cerulean imp (summoned).

Vanquished Creatures
  An iguana (D:3)
  2 adders
  A worm (D:2)
  2 dart slugs
  3 ball pythons
  3 endoplasms
  9 giant cockroaches (D:2)
  9 goblins
  10 hobgoblins
  3 jackals (D:1)
  A quokka (D:1)
  8 bats
  2 frilled lizards (D:1)
  6 kobolds
  2 rats
62 creatures vanquished.

Vanquished Creatures (collateral kills)
  Jessica (D:2)
  3 adders
  2 worms
  An orc (D:4)
  A bat (D:2)
  3 endoplasms
  3 giant cockroaches (D:2)
  A goblin (D:2)
  A quokka (D:4)
  A ball python (D:2)
  2 frilled lizards
  3 kobolds
22 creatures vanquished.

Grand Total: 84 creatures vanquished

Notes
Turn   | Place    | Note
-------+----------+-------------------------------------------
     0 | D:1      | promet the Deep Elf Hedge Wizard began the quest for the
                  | Orb.
     0 | D:1      | Reached XP level 1. HP: 10/10 MP: 7/7
   662 | D:1      | Reached skill level 5 in Spellcasting
   873 | D:1      | Reached XP level 2. HP: 15/15 MP: 5/10
  1489 | D:1      | Learned a level 2 spell: Blink
  1492 | D:1      | Learned a level 2 spell: Call Imp
  1494 | D:1      | Learned a level 1 spell: Slow
  1545 | D:2      | Found Gitorgh's General Store.
  1800 | D:2      | Noticed Jessica
  1812 | D:2      | Killed Jessica
  1813 | D:2      | Reached XP level 3. HP: 19/19 MP: 9/12
  2197 | D:2      | Reached skill level 6 in Spellcasting
  2284 | D:2      | Reached XP level 4. HP: 24/24 MP: 7/14
  4220 | D:3      | Reached XP level 5. HP: 28/28 MP: 7/15
  4283 | D:3      | Identified the +2 trident of the Hummingbird {vamp, rCorr
                  | Str+5 Dex-3}
  4524 | D:3      | Reached skill level 1 in Hexes
  4731 | D:3      | Upgraded the game from 0.30-a0-1043-g60ff8d5f49 to
                  | 0.30-a0-1053-gbd8d5ba0ad
  5068 | D:4      | Found a staircase to the Ecumenical Temple.
  5120 | Temple   | Entered the Ecumenical Temple
  5194 | Temple   | Upgraded the game from 0.30-a0-1053-gbd8d5ba0ad to
                  | 0.30-a0-1066-g63dfefce0d
  5247 | Temple   | Became a worshipper of Vehumet
  5334 | D:4      | Found Qegul's Book Boutique.
  5441 | D:4      | Noticed an ogre
  6025 | D:4      | Slain by a scorpion

Illustrated notes

Levels and vault maps discovered:
D:1:      tarquinn_simple_flora_water_e, layout_rooms, serial_curves,
          eino_curves_02, eino_curves_01, hangedman_feature_mirror
D:2:      minmay_roachtagon, layout_basic, serial_shops,
          nicolae_shop_hallway_stairs, st_stairs_6, minmay_pentomino_x4,
          uniq_jessica
D:3:      layout_rooms, serial_park_tiny_1
D:4:      layout_rooms, minmay_temple_entry_waves, serial_shops,
          nicolae_shop_competitors_out_of_business
Temple:   nicolae_temple_great_sept

Skill      XL: |  1  2  3  4  5 |
---------------+----------------+-----
Spellcasting   | 5 6 |  6.4
Stealth        | 3 |  3.2
Conjurations   | 2 |  2.3
Summonings     | 2 |  2.1
Hexes          | 1 |  1.3
Fighting       | |  0.5
Short Blades   | |  0.3
Polearms       | |  0.4
Ranged Weapons | |  0.7
Dodging        | |  2.8
Translocations | |  1.2

Action                     |  1- 3 |  4- 6 || total
---------------------------+-------+-------++-------
  Melee: Dagger            |    17 |     1 ||    18
         Spear             |       |    56 ||    56
         Trident           |       |    32 ||    32
         Punch             |       |     1 ||     1
   Fire: Sling             |     2 |     9 ||    11
  Throw: Dart              |       |     4 ||     4
   Cast: Magic Dart        |    73 |    40 ||   113
         Call Imp          |     4 |    22 ||    26
         Blink             |     1 |     6 ||     7
         Slow              |     3 |     7 ||    10
    Use: Scroll            |     4 |     3 ||     7
         Potion            |     1 |     2 ||     3
   Stab: Sleeping          |       |     3 ||     3
 Armour: Robe              |    11 |    27 ||    38
  Dodge: Dodged            |    37 |    56 ||    93

Table legend: (Time is in decaauts)
 A = Elapsed time spent in this place.
 B = Non-inter-level travel time spent in this place.
 C = Inter-level travel time spent in this place.
 D = Time resting spent in this place.
 E = Time spent auto-exploring this place.
 F = Levels seen in this place.
 G = Mean time per level.
                   A        B        C        D        E       F      G
               +--------+--------+--------+--------+--------+-----+--------+
         Total |   6043 |   5925 |    118 |   3052 |    638 |   5 | 1208.6 |
       Dungeon |   5902 |   5784 |    118 |   3052 |    638 |   4 | 1475.5 |
        Temple |    140 |    140 |      0 |      0 |      0 |   1 |  140.0 |
               +--------+--------+--------+--------+--------+-----+--------+

Top non-repeatable levels by time:
     D:2: 2357 daAuts
     D:1: 1734 daAuts
     D:3: 925 daAuts
     D:4: 885 daAuts
  Temple: 140 daAuts
